 Dungeon Crawl Stone Soup version 0.28-a0-983-g1de4e0787c (webtiles) character file.

Game seed: 681822481878909772

1197 Anon1729 the Spear-Bearer (level 8, -1/63 HPs)
             Began as a Merfolk Monk on Dec 2, 2021.
             Was an Elder of Okawaru.
             Slain by a troll (3 damage)
             ... on level 5 of the Dungeon.
             The game lasted 00:10:52 (7716 turns).

Anon1729 the Spear-Bearer (Merfolk Monk)            Turns: 7716, Time: 00:10:52

Health: -1/63      AC:  6    Str: 11    XL:     8   Next: 44%
Magic:  10/10      EV: 16    Int:  9    God:    Okawaru [****..]
Gold:   272        SH:  0    Dex: 19    Spells: 7/7 levels left

rFire   . . .      SeeInvis .   q - +3 demon trident (vamp)
rCold   . . .      Faith    +   (no shield)
rNeg    . . .      Spirit   .   g - +2 robe {Will+}
rPois   .          Reflect  .   (no helmet)
rElec   .          Harm     .   f - +1 cloak
rCorr   .          Rampage  .   (no gloves)
Will    +....                   (no boots)
Stlth   +++.......              d - amulet of faith
HPRegen 0.20/turn               (no ring)
MPRegen 0.12/turn               (no ring)

@: no status effects
A: (nimble swimmer 2), mertail
a: Renounce Religion, Heroism, Finesse


You were on level 5 of the Dungeon.
You worshipped Okawaru.
Okawaru was greatly pleased with you.
You visited 1 branch of the dungeon, and saw 6 of its levels.

You collected 272 gold pieces.

Inventory:

Hand Weapons
 a - a +0 spear
 n - a +0 halberd
 q - a +3 vampiric demon trident (weapon)
Missiles
 p - 5 atropa-tipped darts
 t - 5 javelins
Armour
 b - a +0 robe
 f - a +1 cloak (worn)
 g - a +2 robe of willpower (worn)
Jewellery
 d - an amulet of faith (around neck)
 j - an amulet of the acrobat
Wands
 m - a wand of iceblast (2) (quivered)
Scrolls
 c - 2 scrolls of blinking
 e - a scroll of identify
 h - 2 scrolls of fear
 k - 3 scrolls of teleportation
 o - 2 scrolls of amnesia
 u - a scroll of noise {unknown}
 x - a scroll of enchant weapon {unknown}
Potions
 i - 3 potions of curing {unknown}
 l - a potion of degeneration {unknown}
 r - a potion of flight {unknown}
 s - a potion of might {unknown}
 v - a potion of mutation {unknown}
 w - a potion of brilliance {unknown}


   Skills:
 + Level 5.5 Fighting
 * Level 8.7 Polearms
 + Level 1.7 Throwing
 + Level 6.7 Dodging
 + Level 5.2 Stealth
 + Level 3.8 Invocations


You had 7 spell levels left.
You didn't know any spells.
Your spell library contained the following spells:

 Spells                   Type           Power      Damage    Failure   Level
 Magic Dart               Conj           0%         1d3       38%         1
 Pain                     Necr           0%         1d4       38%         1
 Slow                     Hex            0%         N/A       38%         1
 Searing Ray              Conj           0%         2d4       52%         2
 Confusing Touch          Hex            0%         N/A       77%         3
 Gell's Gravitas          Tloc           0%         N/A       77%         3
 Lesser Beckoning         Tloc           0%         N/A       77%         3
 Teleport Other           Tloc           0%         N/A       77%         3
 Vampiric Draining        Necr           0%         2d6       77%         3
 Fulminant Prism          Conj/Hex       0%         3d6       99%         4


Dungeon Overview and Level Annotations

Branches:
Dungeon (6/15)             Temple (0/1) D:4

Altars:
Dithmenos
Okawaru
Qazlal
Trog
Vehumet
Wu Jian
Xom
Yredelemnul

Annotations:
D:4 3 runed translucent doors, sastreii's ghost, amateur GnGl; tsouns's ghost, amateur DsAK


Innate Abilities, Weirdness & Mutations

((You are quick and stealthy near water. (Stealth+, EV+, Speed+++)))
Your lower body shifts to a powerful aquatic tail in water.


Message History

The orc priest calls down the wrath of Beogh upon you.
Beogh smites you!
You puncture the orc priest!
You feel better.
The orc priest is almost dead.
The orc priest closely misses you.
You puncture the orc priest!
You kill the orc priest!
Okawaru accepts your kill.
Items here: ))) [[ †.
You reach to attack!
You closely miss the troll. You hit the troll but do no damage.
The troll closely misses you. The troll barely misses you.
The troll claws you but does no damage.
You puncture the troll!
You feel better.
The troll is lightly wounded.
The troll bites you! The troll misses you. The troll closely misses you.
You hit the troll.
You feel better.
The troll is moderately wounded.
The troll bites you! The troll misses you. The troll barely misses you.
You barely miss the troll.
The troll is moderately wounded.
The troll misses you. The troll claws you. The troll closely misses you.
You completely miss the troll.
The troll is moderately wounded.
You puncture the troll!
You feel better.
The troll is heavily wounded.
The troll bites you! The troll barely misses you. x2
You are too injured to fight recklessly!
You are too injured to fight recklessly!
You are too injured to fight recklessly!
You are too injured to fight recklessly!
There is a stone staircase leading up here.
The troll bites you!
* * * LOW HITPOINT WARNING * * *
The troll barely misses you. The troll misses you.
You climb upwards.
There is a stone staircase leading down here.
The troll misses you. The troll claws you!
* * * LOW HITPOINT WARNING * * *
The troll claws you.
You die...

#.'..≈..≈).'..##..#
####.####
###≈..≈≈⌠.≈#..##..# #.#
#≈......≈#####..######.#
#≈≈≈..≈≈≈# #.........##
####''########..........#
#.)# #.............#.#
#.## #.####.....[....##
#.####.###............# #
#......@T.............#
##
####.#.............#..#
.####
#.####.....#.(.##..#
....# #.# ##...)........#
.##.# #.# ##.#########.#
###.# #.# #.# ##.## # #.#
#.# #.# #.... # #.# #.#
##'## #..## # #.# #.#
##...## #..##


You could see a troll.

Vanquished Creatures
  Menkaure (D:5)
  A water moccasin (D:4)
  A sky beast (D:5)
  An ice beast (D:6)
  An ogre (D:4)
  A phantom (D:3)
  A scorpion (D:4)
  A water moccasin skeleton (D:5)
  2 hounds (D:5)
  5 orc priests
  Crazy Yiuf (D:5)
  Terence (D:1)
  An iguana (D:4)
  2 orc wizards
  A scorpion zombie (D:5)
  A howler monkey zombie (D:5)
  4 gnolls
  5 adders
  A white imp (D:5)
  2 worms (D:2)
  4 dart slugs
  6 orcs
  4 bats
  4 endoplasms
  3 giant cockroaches
  3 goblins
  6 hobgoblins
  4 jackals (D:3)
  8 quokkas
  5 ball pythons
  5 frilled lizards
  5 kobolds
  3 rats
94 creatures vanquished.

Vanquished Creatures (others)
  4 plants (D:4)
4 creatures vanquished.

Grand Total: 98 creatures vanquished

Notes
Turn   | Place    | Note
-------+----------+-------------------------------------------
     0 | D:1      | Anon1729 the Merfolk Monk began the quest for the Orb.
     0 | D:1      | Reached XP level 1. HP: 18/18 MP: 1/1
   256 | D:1      | Found a faded altar of an unknown god.
   324 | D:1      | Got Plato's Disquisition on Unholy Secrets
   325 | D:1      | Prayed at the altar of an unknown god.
   325 | D:1      | Became a worshipper of Warmaster Okawaru
   325 | D:1      | Reached * piety under Okawaru
   325 | D:1      | Reached ** piety under Okawaru
   357 | D:1      | Reached XP level 2. HP: 24/24 MP: 2/2
   846 | D:2      | Noticed Terence
  1220 | D:2      | Reached XP level 3. HP: 29/29 MP: 3/3
  1680 | D:1      | HP: 1/30 [gnoll (5)]
  2036 | D:1      | Reached skill level 5 in Polearms
  2212 | D:2      | Reached skill level 1 in Invocations
  2212 | D:2      | Reached XP level 4. HP: 20/37 MP: 4/4
  2459 | D:2      | Reached *** piety under Okawaru
  3088 | D:1      | Killed Terence
  3089 | D:1      | Reached XP level 5. HP: 15/42 MP: 6/6
  3902 | D:3      | Reached skill level 5 in Dodging
  3936 | D:3      | Found a basalt altar of Yredelemnul.
  4480 | D:4      | Noticed an ogre
  4485 | D:4      | Noticed a phantom
  4532 | D:4      | Found a bloodstained altar of Trog.
  4875 | D:4      | Found a runed translucent gate.
  4875 | D:4      | Found a runed translucent gate.
  4875 | D:4      | Found a runed translucent gate.
  5107 | D:3      | Killed a phantom
  5108 | D:3      | Reached skill level 6 in Polearms
  5108 | D:3      | Reached XP level 6. HP: 45/49 MP: 4/7
  5203 | D:3      | Identified a scroll of acquirement
  5203 | D:3      | Acquired a +3 vampiric demon trident
  5286 | D:4      | Reached **** piety under Okawaru
  5544 | D:4      | Reached XP level 7. HP: 55/55 MP: 9/9
  5590 | D:4      | Reached skill level 7 in Polearms
  5639 | D:4      | Found a radiant altar of Vehumet.
  5772 | D:4      | Found a staircase to the Ecumenical Temple.
  5807 | D:4      | Found a shadowy altar of Dithmenos.
  5807 | D:4      | Found a stormy altar of Qazlal.
  5850 | D:4      | Found an ornate altar of the Wu Jian Council.
  5909 | D:4      | Noticed sastreii's ghost (amateur GnGl)
  5976 | D:4      | Noticed tsouns's ghost (amateur DsAK)
  5993 | D:5      | Entered Level 5 of the Dungeon
  6074 | D:5      | Found a shimmering altar of Xom.
  6139 | D:4      | Received a gift from Okawaru
  6140 | D:4      | Reached skill level 5 in Fighting
  6439 | D:5      | Noticed Menkaure
  6449 | D:5      | Killed Menkaure
  6450 | D:5      | Reached skill level 8 in Polearms
  6450 | D:5      | Reached XP level 8. HP: 30/62 MP: 7/10
  6865 | D:5      | Reached skill level 1 in Throwing
  7072 | D:5      | Reached skill level 5 in Stealth
  7112 | D:5      | Found a runed translucent door.
  7113 | D:5      | Noticed Crazy Yiuf
  7448 | D:5      | Killed Crazy Yiuf
  7699 | D:6      | Noticed a troll
  7716 | D:5      | HP: 2/63 [troll (10)]
  7716 | D:5      | Slain by a troll

Illustrated notes

Levels and vault maps discovered:
D:1:      psy_arrival_fountain, layout_basic,
          shapermc_ecumenical_altar_rom_forum, hex_medium
D:2:      layout_loops_corners, uniq_terence
D:3:      layout_loops_corners, lemuel_round_altar
D:4:      layout_cave_pools, old_standard_altar, mainiacjoe_overflow_chevrons,
          gammafunk_temple_overflow_forgotten, minmay_temple_entry_antechambers,
          gammafunk_ghost_cemetery
D:5:      layout_loops_corners, mainiacjoe_overflow_tiny_flanked,
          kennysheep_generic_room_7, uniq_menkaure, uniq_crazy_yiuf_cottage
D:6:      layout_cave_pods, minitemple, uniq_maggie

Skill      XL: |  1  2  3  4  5  6  7  8 |
---------------+-------------------------+-----
Polearms       | 5 6 8 |  8.7
Stealth        | 3 4 5 |  5.2
Invocations    | 1 2 3 |  3.8
Fighting       | 4 5 |  5.5
Dodging        | 5 6 |  6.7
Throwing       | 1 |  1.7

Action                   |  1- 3 |  4- 6 |  7- 9 || total
-------------------------+-------+-------+-------++-------
Melee: Spear             |   116 |   189 |       ||   305
       Demon trident     |       |    22 |   119 ||   141
Throw: Dart              |       |     4 |       ||     4
Invok: Heroism           |       |     1 |     1 ||     2
Evoke: Wand              |       |     2 |     2 ||     4
  Use: Scroll            |       |     7 |       ||     7
 Stab: Sleeping          |     7 |    11 |     4 ||    22
       Invisible         |       |     2 |       ||     2
       Distracted        |       |       |     1 ||     1
Armor: Robe              |     9 |    41 |    21 ||    71
Dodge: Dodged            |    59 |   139 |    57 ||   255

Table legend: (Time is in decaauts)
 A = Elapsed time spent in this place.
 B = Non-inter-level travel time spent in this place.
 C = Inter-level travel time spent in this place.
 D = Time resting spent in this place.
 E = Time spent auto-exploring this place.
 F = Levels seen in this place.
 G = Mean time per level.
                   A        B        C        D        E       F      G
               +--------+--------+--------+--------+--------+-----+--------+
         Total |   7663 |   7316 |    347 |   1876 |   3890 |   6 | 1277.2 |
       Dungeon |   7663 |   7316 |    347 |   1876 |   3890 |   6 | 1277.2 |
               +--------+--------+--------+--------+--------+-----+--------+

Top non-repeatable levels by time:
     D:1: 2225 daAuts
     D:3: 1732 daAuts
     D:5: 1446 daAuts
     D:2: 1333 daAuts
     D:4: 887 daAuts
     D:6: 37 daAuts
